 Dungeon Crawl Stone Soup version 0.32-a0-38-gb04dd89b9b (webtiles) character file.

Game seed: 4098451130394686398

44 CowFu the Covert (level 3, -1/35 HPs)
             Began as a Gnoll Delver on Jan 23, 2024.
             Killed from afar by an orc wizard (7 damage)
             ... with a magic dart
             ... on level 3 of the Dungeon.
             The game lasted 00:01:31 (1788 turns).

CowFu the Covert (Gnoll Delver)                     Turns: 1788, Time: 00:01:32

Health: -1/35      AC: 10    Str: 13    XL:     3   Next: 60%
Magic:  4/4        EV:  9    Int:  9    God:
Gold:   89         SH:  0    Dex: 13    Spells: 3/3 levels left

rFire   + + .        a - +0 spear
rCold   x . .        (no shield)
rNeg    . . .        l - +0 fire dragon scales
rPois   .            b - +1 helmet
rElec   .            (no cloak)
rCorr   .            (no gloves)
SInv    .            (no boots)
Will    .....        (no amulet)
Stlth   +++          (no ring)
HPRegen 0.25/turn    (no ring)
MPRegen 0.09/turn

%: no passive effects
@: no status effects
A: fangs 1, strong nose, distributed training
a: no special abilities


You were on level 3 of the Dungeon.
You visited 1 branch of the dungeon, and saw 5 of its levels.

You collected 89 gold pieces.

Inventory:

Hand Weapons
 a - a +0 spear (weapon)
Armour
 b - a +1 helmet (worn)
 l - +0 fire dragon scales (worn)
Wands
 g - a wand of digging (3)
 h - a wand of charming (1)
Scrolls
 c - a scroll of fog
 d - a scroll of revelation
 e - 2 scrolls of fear
 i - a scroll of identify {unknown}
 k - 2 scrolls of teleportation {unknown}
Potions
 f - a potion of haste
 j - 2 potions of heal wounds {unknown}


   Skills:
 + Level 6.5 Fighting
 + Level 0.9 Short Blades
 + Level 0.9 Long Blades
 + Level 0.9 Axes
 + Level 0.9 Maces & Flails
 + Level 4.5 Polearms
 + Level 0.9 Staves
 + Level 0.9 Ranged Weapons
 + Level 0.9 Throwing
 + Level 0.9 Armour
 + Level 4.5 Dodging
 + Level 9.6 Stealth
 + Level 0.9 Shields
 + Level 0.9 Unarmed Combat
 + Level 0.9 Spellcasting
 + Level 0.6 Conjurations
 + Level 0.6 Hexes
 + Level 0.6 Summonings
 + Level 0.6 Necromancy
 + Level 0.6 Translocations
 + Level 0.6 Fire Magic
 + Level 0.6 Ice Magic
 + Level 0.6 Air Magic
 + Level 0.6 Earth Magic
 + Level 0.6 Alchemy
 + Level 1.0 Invocations
 + Level 0.9 Evocations
 + Level 0.7 Shapeshifting


You had 3 spell levels left.
You didn't know any spells.
Your spell library contained the following spells:

 Spells                   Type           Power      Damage    Failure   Level
 Freeze                   Ice            4%         1d3       89%         1
 Cigotuvi's Dreadful Rot  Necr/Alch/Air  2%         N/A       96%         2
 Frozen Ramparts          Ice            2%         1d1       99%         3
 Hailstorm                Conj/Ice       1%         3d5       99%         3
 Ignite Poison            Fire/Alch      1%         N/A       100%        4
 Freezing Cloud           Conj/Ice/Air   0%         6-21      100%        5


Dungeon Overview and Level Annotations

Branches:
Dungeon (5/15)
 Temple: D:4-7

Altars:
Okawaru

Shops:
D:5 !


Innate Abilities, Weirdness & Mutations

You have very sharp teeth.
Your uncanny sense of smell can sniff out nearby items.
Your experience applies equally to all skills.


Message History

You hear some strange, mumbled words.
A magic dart appears from out of thin air!
The magic dart hits you.
You are too confused!
Something hits you. The orc closely misses you.
Something hits you but does no damage.
You are too confused!
You hit the orc.
The orc is almost dead.
The orc hits you with a +0 whip. Something hits you but does no damage.
You feel less confused. Something hits you but does no damage.
You hit the orc but do no damage.
The orc is almost dead.
You hear some strange, mumbled words.
A puff of flame appears from out of thin air!
The puff of flame hits something.
Something hits you but does no damage.
You hit the orc but do no damage. You bite the orc, but do no damage.
The orc is almost dead.
The orc hits you but does no damage. Something hits you.
You hit the orc.
You kill the orc!
Something hits you.
You hit the orc. Your bite misses the orc.
The orc is heavily wounded.
Something hits you but does no damage. x2
The orc hits you with a +0 heavy flail!
* * * LOW HITPOINT WARNING * * *
You are too injured to fight recklessly!
You are too injured to fight recklessly!
Something hits you.
* * * LOW HITPOINT WARNING * * *
Something hits you but does no damage.
You are too injured to fight recklessly!
You are too injured to fight recklessly!
Something hits you.
* * * LOW HITPOINT WARNING * * *
A magic dart appears from out of thin air!
The magic dart hits you!
You die...

#####.#..###
#...#_...#
#....#...#
#........#
#........#####
#..>.....<...#
########..{{.#
#.....#
#...o@#
#.....#
#.(...#####
#.....'.<.#
#...♣.#.#.#
##.⌠..#.#.#
#..♣...#.#
##....##.#
#######.#


You could see an orc.

Vanquished Creatures
  A ribbon worm (D:2)
  2 orcs (D:3)
  3 endoplasms
  A giant cockroach (D:1)
  2 goblins (D:2)
  6 hobgoblins
  5 jackals (D:2)
  2 kobolds
  4 quokkas (D:2)
  4 ball pythons
  2 bats (D:1)
  A frilled lizard (D:1)
  A rat (D:1)
34 creatures vanquished.

Notes
Turn   | Place    | Note
-------+----------+-------------------------------------------
     0 | D:5      | Reached skill level 9 in Stealth
     0 | D:5      | CowFu the Gnoll Delver began the quest for the Orb.
     0 | D:5      | Reached XP level 1. HP: 23/23 MP: 1/1
     4 | D:5      | Noticed an ice beast
   148 | D:2      | Reached XP level 2. HP: 16/29 MP: 2/2
   438 | D:2      | Found an iron altar of Okawaru.
   686 | D:1      | Reached XP level 3. HP: 35/35 MP: 3/3
  1053 | D:1      | Reached skill level 1 in Invocations
  1742 | D:3      | Found a faded altar of an unknown god.
  1788 | D:3      | Killed from afar by an orc wizard

Illustrated notes

Levels and vault maps discovered:
D:1:      dpeg_arrival_rooms_c, layout_loops_ring, minmay_tree_intersection,
          nicolae_twisty_statue_hallways
D:2:      layout_basic, basic_altar
D:3:      layout_basic, nicolae_hepliaklqana_hazy_memory,
          ebering_ecumenical_altar_rust, hangedman_feature_mirror,
          amcnicky_mini_corridor_feature, minmay_misc_feat_cross,
          feat_on_display
D:4:      layout_rooms, serial_shops, nicolae_shop_overgrown_old_shop,
          serial_bayou_pond_d, kennysheep_flooded_box
D:5:      layout_rooms, serial_shops, shop

Skill      XL: |  1  2  3 |
---------------+----------+-----
Stealth        | |  9.6
Invocations    | 1 |  1.0
Fighting       | |  6.5
Short Blades   | |  0.9
Long Blades    | |  0.9
Axes           | |  0.9
Maces & Flails | |  0.9
Polearms       | |  4.5
Staves         | |  0.9
Ranged Weapons | |  0.9
Throwing       | |  0.9
Armour         | |  0.9
Dodging        | |  4.5
Shields        | |  0.9
Unarmed Combat | |  0.9
Spellcasting   | |  0.9
Conjurations   | |  0.6
Hexes          | |  0.6
Summonings     | |  0.6
Necromancy     | |  0.6
Translocations | |  0.6
Fire Magic     | |  0.6
Ice Magic      | |  0.6
Air Magic      | |  0.6
Earth Magic    | |  0.6
Alchemy        | |  0.6
Evocations     | |  0.9
Shapeshifting  | |  0.7

Action                     || total
---------------------------++-------
  Melee: Spear             ||    94
         Bite              ||     9
         Punch             ||     1
   Stab: Sleeping          ||    18
 Armour: Leather armour    ||    11
         Fire dragon scale ||    43
  Dodge: Dodged            ||    36

Table legend: (Time is in decaauts)
 A = Elapsed time spent in this place.
 B = Non-inter-level travel time spent in this place.
 C = Inter-level travel time spent in this place.
 D = Time resting spent in this place.
 E = Time spent auto-exploring this place.
 F = Levels seen in this place.
 G = Mean time per level.
                   A        B        C        D        E       F      G
               +--------+--------+--------+--------+--------+-----+--------+
         Total |   1776 |   1705 |     71 |      0 |   1386 |   5 |  355.2 |
       Dungeon |   1776 |   1705 |     71 |      0 |   1386 |   5 |  355.2 |
               +--------+--------+--------+--------+--------+-----+--------+

Top non-repeatable levels by time:
     D:2: 983 daAuts
     D:1: 695 daAuts
     D:3: 69 daAuts
     D:5: 22 daAuts
     D:4: 6 daAuts
